[Event "Late-Titled-Tuesday-Blitz-January-23-2024"]
[Site "Chess.com"]
[Date "2024.01.23"]
[Round "3"]
[White "Road2GM3000"]
[Black "Thjop"]
[Result "1-0"]
[WhiteElo "2460"]
[BlackElo "2628"]
[TimeControl "180+1"]
[EndTime "14:28:25 PST"]
[Termination "Road2GM3000 won by resignation"]

1. d4 Nf6 2. c4 g6 3. Nc3 Bg7 4. e4 d6 5. f4 O-O 6. Nf3 c5 7.
d5 e6 8. Be2 exd5 9. exd5 Re8 10. O-O Bf5 11. Bd3 Bxd3 12. Qxd3 Nbd7 13. f5 Ng4 14. Bg5 Bf6 15. fxg6 hxg6 16. Ne4 Bxg5 17.
Nfxg5 f5 18. Ne6 Nde5 19. Qh3 Rxe6 20. dxe6 fxe4 21. Rf7 Nxf7 22. exf7+ Kxf7 23. Qxg4 Qe7 24. h4 Rh8 25. Rf1+ Kg7 26. Rf4 Re8 27. h5 Qe6 28.
Qg5 e3 29. hxg6 Qxg6 30. Qh4 e2 31. Qe1 Re4 32. Rf3 Rxc4 33. Qxe2 Re4 34. Qf2 Rg4 35. Re3 Qg5 36. Re8 Qc1+ 37. Kh2 Qh6+ 38. Kg1 Qg5 39. Qf8+ Kg6 40. Re6+ Kh5 41. Qh8+ 1-0

[Event "Late-Titled-Tuesday-Blitz-January-23-2024"]
[Site "Chess.com"]
[Date "2024.01.23"]
[Round "3"]
[White "Harsha_Bharathakoti"]
[Black "kingofthenil"]
[Result "1-0"]
[WhiteElo "2912"]
[BlackElo "2699"]
[TimeControl "180+1"]
[EndTime "14:28:26 PST"]
[Termination "Harsha_Bharathakoti won by resignation"]

1. Nf3 d5 2. e3 Nf6 3. c4 e6 4.
Nc3 Bd6 5. b3 O-O 6. Bb2 Re8 7.
Be2 b6 8. cxd5 exd5 9. O-O a6 10. Rc1 Bb7 11. Re1 Nbd7 12. Bf1 Ne5 13. Nd4 Qd7 14. Na4 h5 15. g3 h4 16. Bg2 Nd3 17. Qc2 Nxe1 18.
Rxe1 Ne4 19. d3 Ng5 20. gxh4 Nh3+ 21. Kf1 Qg4 22. Qe2 Qxh4 23. Nf5 Qg5 24. Nxd6 cxd6 25. Bxh3 b5 26. Nb6 Rab8 27. Bd4 Bc6 28. Qf3 Qd8 29.
Nxd5 Qg5 30. Nf6+ Qxf6 31. Qxc6 Qh6 32. Qf3 Rbc8 33. Bxc8 Rxc8 34. Kg2 Rc2 35. Qa8+ Kh7 36. Qe4+ Kg8 37. Qe8+ Kh7 38. Qxf7 Qg5+ 39. Kh1 Rxa2 40.
Rg1 Qg6 41. Qxg6+ 1-0

[Event "Late-Titled-Tuesday-Blitz-January-23-2024"]
[Site "Chess.com"]
[Date "2024.01.23"]
[Round "3"]
[White "Nf3c5"]
[Black "NitaLucian"]
[Result "1-0"]
[WhiteElo "2551"]
[BlackElo "2303"]
[TimeControl "180+1"]
[EndTime "14:28:27 PST"]
[Termination "Nf3c5 won by checkmate"]

1. d4 d6 2. e4 Nf6 3. Nc3 e5 4. Nf3 Nbd7 5. Bc4 Be7 6. O-O O-O 7. Re1 c6 8. a4 a5 9. Ba2 exd4 10. Qxd4 Nc5 11.
h3 Be6 12. Be3 Bxa2 13. Rxa2 Re8 14. Raa1 Bf8 15. Bg5 Be7 16. Bh4 Ne6 17. Qd2 Qb6 18. Ra3 Rad8 19. Rb3 Qc7 20. Qc1 Nc5 21. Ra3 d5 22.
Bxf6 Bxf6 23. exd5 Rxe1+ 24. Qxe1 Bxc3 25. Rxc3 Nxa4 26. Re3 f6 27. Re8+ Kf7 28. Qe6+ Kg6 29. Nh4+ Kh6 30.
Nf5+ Kh5 31. g4+ Kg5 32. d6 Qd7 33. Qe3+ Kg6 34. Nh4+ Kf7 35. Re7+ Kf8 36. Rxd7 Rxd7 37. Qe6 Nc5 38. Qf5 Kg8 39. Qxc5 Kf7 40. Nf5 g6 41. Qc4+ Kf8 42. Qe6 Rf7 43. Qc8# 1-0

[Event "Late-Titled-Tuesday-Blitz-January-23-2024"]
[Site "Chess.com"]
[Date "2024.01.23"]
[Round "3"]
[White "BogdanDeac"]
[Black "FrenchHarvey"]
[Result "1-0"]
[WhiteElo "3068"]
[BlackElo "2792"]
[TimeControl "180+1"]
[EndTime "14:28:28 PST"]
[Termination "BogdanDeac won by resignation"]

1. d4 Nf6 2. Bf4 d6 3. Nc3 Nbd7 4. Nf3 c5 5. d5 g6 6. e4 Bg7 7. Qd2 h6 8. h3 a6 9. a4 Rb8 10. e5 dxe5 11. Nxe5 Nxe5 12. Bxe5 Ra8 13. Bc4 O-O 14. O-O Bf5 15. Rfe1 Qd7 16. a5 Rad8 17. Rad1 g5 18. Qe2 Bg6 19. b3 Nh5 20. Bxg7 Nxg7 21. Qxe7 Bxc2 22. Rc1 Bf5 23. Na4 Rfe8 24. Qf6 Bg6 25. Nxc5 Qc7 26. Ne6 fxe6 27. Qxg6 Qxa5 28. dxe6 Re7 29.
Red1 Rf8 30. Rd7 Qb4 31. Qxh6 b5 32. Qxg5 Rfe8 33. Rxe7 Rxe7 34. Bd5 Kh7 35. h4 Qd4 36. h5 Re8 37. h6 Nxe6 38. Bxe6 Kh8 39. Qg7+ Qxg7 40.
hxg7+ Kxg7 41. Bc8 a5 42. Bd7 Rb8 43. Ra1 a4 44.
bxa4 bxa4 45. Rxa4 Kf6 46. Bg4 Rb1+ 47. Kh2 Kg5 48. Kg3 Rb3+ 49. Bf3 Rc3 50. Rg4+ Kh6 51.
Re4 Kg6 52. Re3 Rc1 53. Be4+ Kg5 54. f4+ Kf6 55. Bf3 Kf5 56. Re5+ Kf6 57. Kg4 Rc4 58.
Rf5+ Kg6 59. g3 Kh6 60. Rh5+ Kg6 61. Re5 1-0

[Event "Late-Titled-Tuesday-Blitz-January-23-2024"]
[Site "Chess.com"]
[Date "2024.01.23"]
[Round "3"]
[White "Vladimir_2020"]
[Black "stoleriu"]
[Result "1-0"]
[WhiteElo "2735"]
[BlackElo "2567"]
[TimeControl "180+1"]
[EndTime "14:28:32 PST"]
[Termination "Vladimir_2020 won by checkmate"]

1. e4 e6 2. d4 d5 3. Nd2 Be7 4. Ngf3 Nf6 5. e5 Nfd7 6. Bd3 c5 7. c3 Nc6 8. O-O g5 9. dxc5 g4 10. Nd4 Ndxe5 11. Bb5 Bd7 12. b4 Nxd4 13. Bxd7+ Nxd7 14. cxd4 h5 15. Nb3 Qc7 16. Qe2 Nf6 17. b5 Ne4 18. f3 gxf3 19. Qxf3 f5 20. Bf4 Qd7 21. Be5 Bf6 22.
Bxf6 Nxf6 23. c6 bxc6 24. Nc5 Qd6 25. bxc6 Qxc6 26. Rac1 Qd6 27. Qe3 Ne4 28. Nxe4 dxe4 29. Qg5 Kf7 30. d5 Raf8 31. dxe6+ Kxe6 32. Qg6+ Rf6 33. Qg7 Re8 34. Qxa7 Re7 35. Qa8 Kf7 36. Qh8 Kg6 37.
Qg8+ Rg7 38. Qe8+ Kh6 39. Kh1 Qd7 40. Qb8 Kh7 41. Rc8 f4 42. Rd8 Qg4 43. Rh8+ Kg6 44. Qe8+ Kf5 45. Rxh5+ Rg5 46. Qd7+ Kg6 47. Qh7# 1-0

[Event "Late-Titled-Tuesday-Blitz-January-23-2024"]
[Site "Chess.com"]
[Date "2024.01.23"]
[Round "3"]
[White "MetiForce"]
[Black "Filipets"]
[Result "1-0"]
[WhiteElo "2845"]
[BlackElo "2599"]
[TimeControl "180+1"]
[EndTime "14:28:33 PST"]
[Termination "MetiForce won by resignation"]

1. d4 f5 2. Bg5 g6 3. e3 Nh6 4.
Bc4 d5 5. Bb3 Nf7 6. Bf4 Bg7 7.
h4 c6 8. c4 e6 9. Nc3 Nd7 10. Nf3 Nf6 11. Ne5 Ne4 12. Nxe4 fxe4 13. Nxf7 Kxf7 14. h5 Bd7 15. f3 Qa5+ 16. Kf2 exf3 17.
Qxf3 Raf8 18. hxg6+ hxg6 19. Rxh8 Rxh8 20. Bg5+ Kg8 21. c5 Qd2+ 22. Kg1 e5 23. Bxd5+ cxd5 24. Qxd5+ Kh7 25. Qxd7 Rf8 26. Qh3+ Kg8 27. Qe6+ Kh7 28. dxe5 Rf5 29. Bf4 Qc2 30. Rf1 g5 31. Bg3 Rxf1+ 32. Kxf1 Qd1+ 33. Kf2 Qd2+ 34. Kg1 Qxe3+ 35. Kh2 Qe4 36. b4 Qg6 37. Qh3+ Kg8 38. Qc8+ Kh7 39. Qd7 g4 40. e6 Qh6+ 41. Kg1 Qe3+ 42. Kf1 Qc1+ 43.
Ke2 Qc2+ 44. Ke3 Qc3+ 45. Qd3+ Qxd3+ 46. Kxd3 Kg6 47. Ke4 Kf6 48. Be5+ 1-0

[Event "Late-Titled-Tuesday-Blitz-January-23-2024"]
[Site "Chess.com"]
[Date "2024.01.23"]
[Round "3"]
[White "Teidi96"]
[Black "DrCeltic"]
[Result "0-1"]
[WhiteElo "2417"]
[BlackElo "2604"]
[TimeControl "180+1"]
[EndTime "14:28:34 PST"]
[Termination "DrCeltic won on time"]

1. e4 c5 2. Nf3 e6 3. d4 cxd4 4.
Nxd4 Nf6 5. Nc3 d6 6. Be2 Be7 7.
O-O O-O 8. f4 a6 9. Kh1 Qc7 10.
a4 Nc6 11. Be3 Nxd4 12. Bxd4 e5 13. Be3 exf4 14. Bxf4 Be6 15. Bf3 Rac8 16. Rf2 Rfe8 17. a5 Nd7 18. Nd5 Bxd5 19. exd5 Ne5 20. Bxe5 dxe5 21. b3 Bc5 22. Rd2 Be3 23. Rd3 Bd4 24.
Ra2 e4 25. Rxd4 exf3 26. gxf3 Qc3 27. Kg2 Rcd8 28. Qd2 Re2+ 29. Qxe2 Qxd4 30. c4 h5 31.
Qe7 Rf8 32. Qxb7 Re8 33. Qb6 Qf4 34. Qf2 Re5 35. Kh1 Qc1+ 36. Kg2 Rg5+ 37. Kh3 Qf4 0-1

[Event "Late-Titled-Tuesday-Blitz-January-23-2024"]
[Site "Chess.com"]
[Date "2024.01.23"]
[Round "3"]
[White "Sanan_Sjugirov"]
[Black "KNVB"]
[Result "1-0"]
[WhiteElo "3019"]
[BlackElo "2746"]
[TimeControl "180+1"]
[EndTime "14:28:35 PST"]
[Termination "Sanan_Sjugirov won by checkmate"]

1. Nf3 Nf6 2. c4 c5 3. g3 b6 4. Bg2 Bb7 5. O-O e6 6. Nc3 a6 7.
d3 d6 8. e4 Be7 9. Ng5 Nfd7 10. Nh3 Nc6 11. f4 Nd4 12. Be3 b5 13. Nf2 Qb6 14. b3 h5 15. h3 Rb8 16. Rc1 g6 17. Ne2 f5 18. Nc3 Kf7 19. Re1 Bf6 20.
Ne2 Rbe8 21. cxb5 axb5 22. Nxd4 cxd4 23. Bd2 Nc5 24. Bb4 Rc8 25. Qe2 Rhe8 26. Bxc5 dxc5 27. a4 Ba6 28. exf5 exf5 29. Qf3 bxa4 30. bxa4 Qa5 31. Qd5+ Kg7 32. Qd7+ Kf8 33. Rxe8+ Rxe8 34. Bd5 Re7 35. Qd6 Kg7 36. Kg2 Qd2 37. Rb1 Bxd3 38. Rb8 Re2 39. Rb7+ Kh6 40. Qf8+ Bg7 41. Qxg7# 1-0

[Event "Late-Titled-Tuesday-Blitz-January-23-2024"]
[Site "Chess.com"]
[Date "2024.01.23"]
[Round "3"]
[White "tptagain"]
[Black "greekplayer1"]
[Result "1-0"]
[WhiteElo "2926"]
[BlackElo "2702"]
[TimeControl "180+1"]
[EndTime "14:28:36 PST"]
[Termination "tptagain won by resignation"]

1. Nf3 Nf6 2. b3 g6 3. Bb2 Bg7 4. g3 O-O 5. Bg2 d5 6. c4 c5 7. cxd5 Nxd5 8. Bxg7 Kxg7 9. O-O Nc6 10. d4 cxd4 11.
Nxd4 Nxd4 12. Qxd4+ Nf6 13. Qe5 Be6 14. Bxb7 Rb8 15.
Bf3 h5 16. h4 Rc8 17. Nc3 Qb6 18. Na4 Qb4 19. Rac1 Kg8 20. Rfd1 Rfd8 21. Rxd8+ Rxd8 22. Qe3 Qa3 23. Nc5 Rd6 24. Nxe6 Rxe6 25. Qh6 Qa6 26.
Rd1 Rd6 27. Rxd6 Qxd6 28. Qe3 Qa3 29. Qd2 a5 30. Kg2 Kg7 31. Qc2 e5 32. e3 Qb4 33.
Qb2 e4 34. Be2 a4 35. Bc4 axb3 36.
axb3 Qb6 37. b4 Kg8 38. b5 Ng4 39. Be2 Kh7 40. Bxg4 hxg4 41. Qe5 f5 42. h5 Kh6 43. Qh8+ Kg5 44. hxg6 Kxg6 45. Qg8+ Kf6 46. Qe8 Qa5 47.
Qc6+ Kg5 48. b6 Qe1 49. b7 Qe2 50. Qd6 Qf3+ 51. Kg1 Qd1+ 52. Qxd1 1-0

[Event "Late-Titled-Tuesday-Blitz-January-23-2024"]
[Site "Chess.com"]
[Date "2024.01.23"]
[Round "3"]
[White "Zq1"]
[Black "brm72"]
[Result "0-1"]
[WhiteElo "2467"]
[BlackElo "2678"]
[TimeControl "180+1"]
[EndTime "14:28:36 PST"]
[Termination "brm72 won by resignation"]

1. d4 Nf6 2. c4 e6 3. Nf3 c5 4. d5 exd5 5. cxd5 g6 6. Nc3 d6 7. h3 Bg7 8. e4 O-O 9. Bd3 b5 10. O-O b4 11. Ne2 Re8 12. Ng3 c4 13. Bc2 Nbd7 14.
Re1 Nc5 15. Bf4 Bb7 16. Nd4 Qb6 17. b3 Ncxe4 18. Nxe4 Nxe4 19. Rxe4 Rxe4 20. Bxe4 Bxd4 21. bxc4 Bxf2+ 22. Kh1 Re8 23. Qd3 Qd4 24. Qxd4 Bxd4 25.
Re1 f5 26. Bxd6 fxe4 27. Bxb4 e3 28. d6 Bc6 29. Rd1 Be5 30. Re1 Bg3 31. Re2 Kf7 32. Kg1 Re4 33. Kf1 Rxc4 34. Rxe3 Rxb4 35. Rxg3 Ke6 36.
Ra3 Bb5+ 37. Kf2 a6 38. h4 Kxd6 39. h5 Ra4 40. Rh3 Rxa2+ 41. Kg3 g5 42. h6 Bc6 0-1

[Event "Late-Titled-Tuesday-Blitz-January-23-2024"]
[Site "Chess.com"]
[Date "2024.01.23"]
[Round "3"]
[White "valeriocarnicelli"]
[Black "ChristopherYoo"]
[Result "0-1"]
[WhiteElo "2530"]
[BlackElo "2972"]
[TimeControl "180+1"]
[EndTime "14:28:37 PST"]
[Termination "ChristopherYoo won on time"]

1. e4 c5 2. Nf3 Nc6 3. d4 cxd4 4. Nxd4 Nf6 5. Nc3 e5 6. Ndb5 d6 7. Bg5 a6 8. Bxf6 gxf6 9. Na3 b5 10. Nd5 f5 11. Bxb5 axb5 12. Nxb5 Rb8 13. Nbc7+ Kd7 14. Qh5 Ne7 15. Qxf7 Kc6 16. Nxe7+ Bxe7 17. Qc4+ Kd7 18. Nd5 Qa5+ 19. b4 Ba6 20. Qc3 Qd8 21. Qh3 Qc8 22. O-O-O Kd8 23. Nxe7 Kxe7 24. Qh4+ Kd7 25. Qf6 Rb6 26.
Qxe5 fxe4 27. Qg7+ Kc6 28. Rd4 Qf8 29. Qa7 Qf4+ 30.
Kb1 Qxf2 31. Rhd1 Rxb4+ 32. Ka1 Rxd4 33. Qxa6+ Kd5 34. Qb5+ Ke6 35. Qb3+ Ke5 36. Qb5+ d5 37. Qb2 Rc8 38. Kb1 Qe3 39. a4 Qc3 0-1

[Event "Late-Titled-Tuesday-Blitz-January-23-2024"]
[Site "Chess.com"]
[Date "2024.01.23"]
[Round "3"]
[White "Statham_01"]
[Black "JaackCamel"]
[Result "1-0"]
[WhiteElo "2547"]
[BlackElo "2168"]
[TimeControl "180+1"]
[EndTime "14:28:37 PST"]
[Termination "Statham_01 won on time"]

1. e4 e6 2. d4 d5 3. Nc3 Bb4 4.
Qg4 Nf6 5. Qxg7 Rg8 6. Qh6 dxe4 7. Ne2 c5 8. Bg5 Rg6 9. Qh4 cxd4 10. O-O-O Nc6 11. Nxe4 Be7 12. Bxf6 Bxf6 13. Qxh7 e5 14. N2g3 Be6 15. Bd3 Rg7 16. Qh8+ Kd7 17. Qxd8+ Bxd8 18. Nc5+ Kc7 19. Nxe6+ fxe6 20. Rde1 Be7 21. a3 Rf8 22. f3 a6 23. Kb1 b5 24. Rhg1 Bh4 25. Be4 Na5 26. Rh1 Nc4 27. b3 Ne3 28. Re2 Rh8 29. Nf1 Bg5 30. Nxe3 Bxe3 31. h3 Rg3 32. h4 Rh5 33. Bg6 Rxg6 34. g4 Rh8 35. h5 Rg5 36. Kb2 Kd6 37. c3 Kd5 38. Kc2 Rf8 39. Kd3 1-0

[Event "Late-Titled-Tuesday-Blitz-January-23-2024"]
[Site "Chess.com"]
[Date "2024.01.23"]
[Round "3"]
[White "UnTucopalaTimba"]
[Black "KorolDimitriy75"]
[Result "0-1"]
[WhiteElo "1942"]
[BlackElo "2355"]
[TimeControl "180+1"]
[EndTime "14:28:37 PST"]
[Termination "KorolDimitriy75 won by resignation"]

1. e4 c5 2. Nf3 d6 3. Bb5+ Nd7 4. d4 Nf6 5. e5 cxd4 6. O-O dxe5 7. Nxe5 g6 8. Nxd7 Bxd7 9. Qd3 Bg7 10. Rd1 a6 11. Bxd7+ Nxd7 12. Na3 O-O 13. Bg5 Re8 14. Nc4 Qc7 15.
Re1 e5 16. Rad1 Nc5 17. Qg3 h6 18. Bc1 b5 19. Nd2 Qc6 20. Nb3 Nxb3 21. cxb3 Kh7 22.
Qh4 e4 23. Qf4 f5 24. g4 Qd5 25. gxf5 Qxf5 26. Qxf5 gxf5 27. Bf4 Rac8 28. Rd2 d3 29. f3 Bd4+ 30. Kh1 Kg6 31. Rg2+ Kf7 32. fxe4 fxe4 33.
Bxh6 Rc2 34. Rxc2 dxc2 35. Rf1+ Ke6 36. Rc1 Rc8 37. Kg2 Bxb2 38. Kf2 Bxc1 39. Bxc1 Kd5 40. Ke3 Rh8 0-1

[Event "Late-Titled-Tuesday-Blitz-January-23-2024"]
[Site "Chess.com"]
[Date "2024.01.23"]
[Round "3"]
[White "bescmelasti"]
[Black "Walter_White_Poland"]
[Result "1-0"]
[WhiteElo "2691"]
[BlackElo "2346"]
[TimeControl "180+1"]
[EndTime "14:28:39 PST"]
[Termination "bescmelasti won by resignation"]

1. e4 e5 2. Nf3 Nc6 3. Bb5 a6 4. Ba4 Nf6 5. d3 d6 6. c3 Nd7 7. O-O g6 8. Bg5 Be7 9. Bh6 Bf8 10. Bg5 Be7 11. Bh6 Bf8 12. Bxf8 Kxf8 13. d4 Kg7 14. Nbd2 Qe7 15. Re1 Nb6 16. Bc2 h5 17. a4 a5 18. h3 h4 19. Nf1 Bd7 20. Ne3 Nd8 21. b4 f6 22. Bb3 Ne6 23. Qd2 Nf4 24.
c4 c5 25. dxe5 dxe5 26. bxa5 Nc8 27. Rad1 Bc6 28. Nd5 Bxd5 29. exd5 Nd6 30. Qxf4 Rxa5 31. Qg4 f5 32. Qg5 Qxg5 33. Nxg5 Kf6 34. Ne6 e4 35. f3 Ke5 36. fxe4 Nxe4 37. Bc2 Rha8 38.
Re2 b6 39. Bxe4 fxe4 40. Rde1 Rxa4 41. Rxe4+ Kd6 42. Nf4 Ra1 43. Re6+ Kd7 44. Rxa1 Rxa1+ 45. Kf2 g5 46. Ng6 b5 47. cxb5 Rd1 48. Ne5+ Kd8 49.
d6 c4 50. d7 Kc7 51. Rc6+ Kb7 52. Rxc4 g4 53. hxg4 h3 54. gxh3 Rd5 55. Rc8 Rxe5 56. d8=Q Rf5+ 57. gxf5 1-0

[Event "Late-Titled-Tuesday-Blitz-January-23-2024"]
[Site "Chess.com"]
[Date "2024.01.23"]
[Round "3"]
[White "Vamostodorecto"]
[Black "deloewre"]
[Result "1-0"]
[WhiteElo "2364"]
[BlackElo "1992"]
[TimeControl "180+1"]
[EndTime "14:28:39 PST"]
[Termination "Vamostodorecto won on time"]

1. d4 Nf6 2. c4 g6 3. Nc3 Bg7 4. e4 d6 5. f3 O-O 6. Be3 c5 7. d5 e6 8. Qd2 exd5 9. cxd5 Re8 10. a4 Na6 11. g4 Nc7 12. h4 h5 13. g5 Nd7 14. Be2 b6 15. Nh3 Ne5 16. Nf2 Ba6 17.
Nb5 Nxb5 18. f4 Nc7 19. fxe5 Bxe5 20. Nd3 Bxd3 21. Bxd3 a6 22. Qf2 b5 23. O-O Rf8 24. Ra2 bxa4 25. Rxa4 Nb5 26. Rfa1 Nd4 27. Rxa6 Rb8 28.
R1a2 Qc8 29. Qg2 Rxb2 30. Rxb2 Nf3+ 31. Qxf3 Bxb2 32. Rxd6 c4 33. Bc2 Be5 34. Rc6 Qa8 35. Rxc4 Qa1+ 36. Qf1 Qa2 37. Qd3 Rb8 38. d6 Rd8 39. d7 Rxd7 40. Rc8+ Kg7 41. Qxd7 Qa1+ 42. Qd1 1-0

[Event "Late-Titled-Tuesday-Blitz-January-23-2024"]
[Site "Chess.com"]
[Date "2024.01.23"]
[Round "3"]
[White "ProChessWICTH"]
[Black "rezamahdavi2008"]
[Result "0-1"]
[WhiteElo "2513"]
[BlackElo "2843"]
[TimeControl "180+1"]
[EndTime "14:28:40 PST"]
[Termination "rezamahdavi2008 won on time"]

1. e4 c5 2. Nf3 Nc6 3. Bb5 e6 4. O-O Nge7 5. Re1 Nd4 6. Nxd4 cxd4 7. c3 a6 8. Bf1 Nc6 9. b3 Bd6 10. cxd4 Nxd4 11. Bb2 Be5 12. Nc3 O-O 13. Rc1 b5 14. Ba3 Re8 15. Ne2 Qh4 16. h3 Bb7 17. Bc5 Nxe2+ 18. Qxe2 Rac8 19. d4 Bb8 20. e5 Qg5 21. g3 d6 22. h4 Qf5 23. Ba3 dxe5 24. dxe5 Ba7 25. Bg2 Bxg2 26. Kxg2 h5 27. Bd6 Bb6 28. Red1 Kh7 29. Qf3 Qg6 30. Qe2 Ba7 31. Qf3 Rc2 32.
Rxc2 Qxc2 33. Re1 Kg8 34. a4 bxa4 35. bxa4 Qxa4 36. Qb7 Qd4 37. Re2 a5 38. Qa6 Qd5+ 39. Kh2 Ra8 0-1

[Event "Late-Titled-Tuesday-Blitz-January-23-2024"]
[Site "Chess.com"]
[Date "2024.01.23"]
[Round "3"]
[White "tigurones"]
[Black "Josgar05"]
[Result "1/2-1/2"]
[WhiteElo "2492"]
[BlackElo "2325"]
[TimeControl "180+1"]
[EndTime "14:28:40 PST"]
[Termination "Game drawn by repetition"]

1. d4 d5 2. Nc3 c5 3. Nf3 Nc6 4. e3 Nf6 5. g3 Bf5 6. a3 e6 7.
dxc5 Bxc5 8. Nd4 Bg6 9. Bg2 O-O 10. O-O Rc8 11. Nxc6 bxc6 12. b4 Bd6 13. Bb2 h5 14.
Ne2 e5 15. c4 dxc4 16. Qa4 Bd3 17. Rfe1 h4 18. Rad1 hxg3 19. hxg3 Qc7 20. Nc1 Be4 21. Bxe4 Nxe4 22. Qc2 Ng5 23. Kg2 c5 24. Qf5 f6 25.
f4 exf4 26. gxf4 Qb7+ 27. e4 cxb4 28. fxg5 fxg5 29. Qe6+ Rf7 30. Rxd6 c3 31. Ba1 Rf8 32. Red1 b3 33. Bxc3 b2 34. Nd3 b1=Q 35. Rxb1 Qxb1 36. Ne5 Qc2+ 37. Kg1 Qc1+ 38. Kg2 Qxc3 39. Nxf7 Qc2+ 40.
Kg1 Qc1+ 41. Kg2 Qb2+ 42. Kg1 Qc1+ 43. Kg2 Qc2+ 44. Kg1 Qc1+ 1/2-1/2

[Event "Late-Titled-Tuesday-Blitz-January-23-2024"]
[Site "Chess.com"]
[Date "2024.01.23"]
[Round "3"]
[White "Rawnsdale"]
[Black "Hirna2005"]
[Result "0-1"]
[WhiteElo "2537"]
[BlackElo "2291"]
[TimeControl "180+1"]
[EndTime "14:28:41 PST"]
[Termination "Hirna2005 won by checkmate"]

1. e4 g6 2. d4 Bg7 3. Nf3 d6 4. Bd3 a6 5. O-O b5 6. c3 Bb7 7. a4 Qd7 8. Qe2 c6 9. Na3 Nf6 10. Bg5 O-O 11. Rad1 bxa4 12. Nc4 Qc7 13. Rfe1 Re8 14.
e5 dxe5 15. Nfxe5 Nbd7 16. Nxf7 Kxf7 17. Qe6+ Kf8 18. Ne5 Nxe5 19. dxe5 Bc8 20. Qc4 Nd5 21. e6 Kg8 22. Be4 Be5 23. g3 Bb7 24. f4 Qb6+ 25. Kg2 Ne3+ 26. Rxe3 Qxe3 27. h4 Bg7 28. f5 Qb6 29.
fxg6 hxg6 30. Bxg6 Rf8 31. Bf7+ Kh8 32. Qg4 c5+ 33.
Kh3 Rxf7 34. Qh5+ Kg8 35. Qxf7+ Kh8 36. Rf1 Rf8 37. Qh5+ Kg8 38. Rf7 Qxe6+ 39. Rf5 Qxf5+ 40.
Kh2 Qf3 41. Kh3 Qxh5 42. g4 Qg6 43. Kg3 Qe4 44. h5 Qf3+ 45. Kh4 Qf2+ 46. Kh3 Qg2+ 47. Kh4 Qh2# 0-1

[Event "Late-Titled-Tuesday-Blitz-January-23-2024"]
[Site "Chess.com"]
[Date "2024.01.23"]
[Round "3"]
[White "Siemba"]
[Black "wadsy27"]
[Result "1-0"]
[WhiteElo "2563"]
[BlackElo "2644"]
[TimeControl "180+1"]
[EndTime "14:28:42 PST"]
[Termination "Siemba won by resignation"]

1. e4 e6 2. d4 d5 3. Nc3 Bb4 4. e5 c5 5. a3 Bxc3+ 6. bxc3 Qa5 7. Bd2 Qa4 8. h4 Nc6 9. h5 h6 10. Nf3 Nge7 11. Rh4 c4 12. g3 Bd7 13. Bh3 O-O-O 14. Rf4 Rdf8 15. Nh4 Rhg8 16. Ra2 Kb8 17. Qf3 Nd8 18. Ng6 Re8 19. Nxe7 Rxe7 20. Rg4 Qb5 21.
Qd1 Ree8 22. Ra1 Qa4 23. Qb1 b6 24. Ra2 Kb7 25. Qb4 Qxb4 26. axb4 a6 27. Rf4 Ref8 28.
Rf3 Nc6 29. Bc1 Na7 30. g4 Nb5 31. Bd2 Bc8 32. g5 hxg5 33. Bxg5 Rh8 34. Bg4 f6 35.
exf6 gxf6 36. Rxf6 Nxc3 37. Ra3 Ne4 38. Rxf8 Rxf8 39.
f4 c3 40. h6 Kc6 41. Ke2 Kb5 42. Ra1 Kxb4 43. Rb1+ Kc4 44. Rxb6 a5 45. Bxe6 Bxe6 46.
Rxe6 a4 47. Ra6 Kb4 48. Be7+ 1-0

[Event "Late-Titled-Tuesday-Blitz-January-23-2024"]
[Site "Chess.com"]
[Date "2024.01.23"]
[Round "3"]
[White "Durarbayli"]
[Black "Kazan28"]
[Result "1-0"]
[WhiteElo "2874"]
[BlackElo "2616"]
[TimeControl "180+1"]
[EndTime "14:28:44 PST"]
[Termination "Durarbayli won by resignation"]

1. e4 Nf6 2. e5 Nd5 3. d4 d6 4. c4 Nb6 5. f4 dxe5 6. fxe5 Bf5 7. Nc3 e6 8. Be3 Be7 9. Nf3 O-O 10. Be2 f6 11.
exf6 Bxf6 12. O-O Nc6 13. Qd2 Kh8 14. Rad1 Rf7 15. Kh1 Rd7 16. Bg1 Nxd4 17. Nxd4 c5 18. Nd5 Bxd4 19. Bxd4 cxd4 20. Nxb6 axb6 21. b3 d3 22. Bf3 Qe7 23. Rde1 Qa3 24. Rf2 Qa5 25. g4 Bg6 26. Rxe6 Qc5 27. Kg2 Rf8 28. a4 Rdf7 29. Re3 Qd4 30. h3 h6 31. Rf1 Rf4 32. Rfe1 h5 33. gxh5 Qf6 34. hxg6 Rxf3 35. Qxd3 Rf2+ 36.
Kh1 Qf4 37. Rg3 Rd2 38. Qe3 Qf2 39. Qxf2 Rdxf2 40. Kg1 R2f5 41. h4 Kg8 42. Rge3 Rf4 43. Re8 Rg4+ 44. Kh2 Rxh4+ 45. Kg3 Rh6 46. Rxf8+ Kxf8 47. Re6 Rh5 48. Rxb6 Rg5+ 49. Kf4 Rg1 50. Kf5 Rf1+ 51.
Ke4 Rf6 52. Rxf6+ 1-0

[Event "Late-Titled-Tuesday-Blitz-January-23-2024"]
[Site "Chess.com"]
[Date "2024.01.23"]
[Round "3"]
[White "ViIIagra"]
[Black "rdarruda"]
[Result "0-1"]
[WhiteElo "2947"]
[BlackElo "2543"]
[TimeControl "180+1"]
[EndTime "14:28:44 PST"]
[Termination "rdarruda won on time"]

1. d3 d5 2. g3 e5 3. Bg2 Nf6 4. Nf3 Nbd7 5. O-O Bd6 6. e4 c6 7. exd5 cxd5 8. c4 O-O 9. Nc3 d4 10. Ne4 Nxe4 11. dxe4 Nc5 12. Ne1 Be6 13. b4 Nd7 14. c5 Be7 15. Nd3 a5 16. Bd2 axb4 17.
Bxb4 Bc4 18. Bh3 Bxd3 19. Qxd3 Nxc5 20. Bxc5 Bxc5 21. a4 b6 22. f4 f6 23. Be6+ Kh8 24. Bd5 Ra7 25. fxe5 fxe5 26. Rxf8+ Qxf8 27. Rf1 Qe8 28. Rf5 g6 29. Rf6 Qxa4 30. Kg2 Kg7 31. Qf3 Qd7 32. Re6 Qf7 33. Qd3 Ra3 34. Qd1 d3 35. Rxe5 Qf2+ 36. Kh3 h5 37. Re8 Rc3 38. Qa1 Bd4 39.
Qb1 Rc2 40. Qh1 Qe2 41. Be6 Kh6 42. Rd8 g5 0-1

[Event "Late-Titled-Tuesday-Blitz-January-23-2024"]
[Site "Chess.com"]
[Date "2024.01.23"]
[Round "3"]
[White "WPWPWP-2015"]
[Black "rionelG"]
[Result "1-0"]
[WhiteElo "2484"]
[BlackElo "2265"]
[TimeControl "180+1"]
[EndTime "14:28:44 PST"]
[Termination "WPWPWP-2015 won on time"]

1. d4 d5 2. c4 e6 3. Nf3 Nf6 4. Nc3 c6 5. Bg5 h6 6. Bh4 Nbd7 7. e3 Be7 8. Bd3 O-O 9. O-O b6 10. Rc1 Bb7 11. Re1 dxc4 12. Bxc4 c5 13. Ne5 cxd4 14. exd4 Nd5 15. Bxd5 Bxd5 16. Bxe7 Qxe7 17. Nxd5 exd5 18. Ng6 Qg5 19. Nxf8 Rxf8 20. Rc7 Nf6 21. Qc1 Qh4 22. Rc8 Rxc8 23. Qxc8+ Kh7 24. Qf5+ g6 25. Qe5 Ne4 26. Rf1 Nd2 27. Rd1 Ne4 28. Rf1 Nd2 29. Qxd5 Nxf1 30. Qxf7+ Kh8 31. Qf8+ Kh7 32. Qf7+ Kh8 33. Qe8+ Kh7 34.
Qd7+ Kh8 35. Qc8+ Kg7 36. Qc7+ Kf8 37. Qb8+ Kf7 38. Qxa7+ Kf8 39. Qb8+ Kf7 40. Qc7+ Kf8 41. Qc8+ Kf7 42. Qd7+ Kf8 43. Qd6+ Kf7 44. Kxf1 Qe4 45. Qc7+ 1-0

[Event "Late-Titled-Tuesday-Blitz-January-23-2024"]
[Site "Chess.com"]
[Date "2024.01.23"]
[Round "3"]
[White "FontVella8"]
[Black "Sebastian"]
[Result "1-0"]
[WhiteElo "2748"]
[BlackElo "2993"]
[TimeControl "180+1"]
[EndTime "14:28:46 PST"]
[Termination "FontVella8 won on time"]

1. Nf3 Nf6 2. b3 c5 3. Bb2 Nc6 4. g3 g6 5. Bg2 Bg7 6. O-O O-O 7. c4 d6 8. e3 e5 9. d3 Be6 10. Nc3 h6 11. Nd2 Qd7 12. Nde4 Rad8 13. Qe2 Bh3 14. Nxf6+ Bxf6 15. Nd5 Bg7 16. f4 Bxg2 17. Qxg2 f5 18. Rad1 Rde8 19. h3 Kh7 20. Kh2 Ne7 21. fxe5 Nxd5 22.
Qxd5 Bxe5 23. d4 Bg7 24. Rf2 Qe7 25. dxc5 Bxb2 26. Rxb2 dxc5 27. Rbd2 Rf7 28. Kg2 Kg7 29. Rd3 b6 30. Kf2 Qf6 31. Qd6 Re6 32. Qb8 Qg5 33. h4 Qf6 34. Rd8 f4 35. exf4 Rfe7 36. R1d2 Qa1 37.
Kg2 Re2+ 38. Rxe2 Rxe2+ 39. Kf3 Qf1+ 40. Kg4 Qa1 41. Qc7+ Kf6 42. Rd6+ Re6 43. Qd8+ Kf7 44. Rd7+ Re7 45. Qxe7+ 1-0